[ PARTIDA AOE2 · #478134074 ]
UnrankedBereberes vs Muisca
[ ANÁLISIS DE REPETICIÓN · EXTRAÍDO DE LA PARTIDA GRABADA ]
Feudal
13:54
Castillos
31:02
Imperial
—
| APM promedio | 33.9 |
| APM pico | 72 |
| eAPM promedio | 22.1 |
| Aldeanos / militares | 88 / 30 |
Foco
⚔️ 34.3% · 🌾 65.7%
Fishing Ship ×15 · Genitour ×12 · Unknown (2626) ×11 · Demolition Raft ×7 · Knight ×5 · Scout Cavalry ×4
Feudal
15:06
Castillos
21:56
Imperial
—
| APM promedio | 17.1 |
| APM pico | 43 |
| eAPM promedio | 10.6 |
| Aldeanos / militares | 48 / 12 |
Foco
⚔️ 27.6% · 🌾 72.4%
Fire Galley ×8 · Fishing Ship ×8 · Unknown (2626) ×8 · Galley ×4
Feudal
13:55
Castillos
17:35
Imperial
—
| APM promedio | 38.0 |
| APM pico | 78 |
| eAPM promedio | 19.5 |
| Aldeanos / militares | 178 / 1 |
Foco
⚔️ 20.1% · 🌾 79.9%
Unknown (2579) ×64 · Fishing Ship ×8 · Unknown (2626) ×5 · Monk ×1
Feudal
14:48
Castillos
18:27
Imperial
34:25
| APM promedio | 37.8 |
| APM pico | 74 |
| eAPM promedio | 24.1 |
| Aldeanos / militares | 119 / 33 |
Foco
⚔️ 22.9% · 🌾 77.1%
Fishing Ship ×36 · Archer ×19 · Turtle Ship ×13 · Monk ×1
Feudal
13:19
Castillos
24:54
Imperial
—
| APM promedio | 20.4 |
| APM pico | 78 |
| eAPM promedio | 9.4 |
| Aldeanos / militares | 49 / 13 |
Foco
⚔️ 37.2% · 🌾 62.8%
Unknown (2626) ×27 · Fishing Ship ×22 · Spearman ×11 · Scout Cavalry ×2
Feudal
13:56
Castillos
17:30
Imperial
37:30
| APM promedio | 30.7 |
| APM pico | 61 |
| eAPM promedio | 16.8 |
| Aldeanos / militares | 151 / 25 |
Foco
⚔️ 14.9% · 🌾 85.1%
Knight ×21 · Fishing Ship ×13 · Monk ×2 · Mangonel ×2
Feudal
12:52
Castillos
—
Imperial
—
| APM promedio | 17.5 |
| APM pico | 59 |
| eAPM promedio | 8.7 |
| Aldeanos / militares | 37 / 17 |
Foco
⚔️ 21.4% · 🌾 78.6%
Fishing Ship ×13 · Archer ×11 · Galley ×4 · Unknown (2626) ×3 · Skirmisher ×2
Feudal
13:58
Castillos
17:35
Imperial
34:43
| APM promedio | 48.9 |
| APM pico | 100 |
| eAPM promedio | 23.4 |
| Aldeanos / militares | 109 / 44 |
Foco
⚔️ 29.4% · 🌾 70.6%
Archer ×19 · Scorpion ×19 · Fishing Ship ×8 · Mangonel ×3 · Monk ×2 · Battering Ram ×1
Mapa de la partida
Recursos iniciales + cada clic de construcción. Líneas = muros · curvas = relieve. ◆ oro · ⬟ piedra · ● bayas · ✦ reliquia · ◌ hueco del cierre
Tu base· Abierta — hueco de 5t
Base de L_CLAN_Ponga· Abierta — hueco de 6t
Base de Andres_bc81· Abierta — flanco sin cerrar
Base de Qian· Abierta — hueco de 10t
Base de [MAD1] ahillstead· Abierta — hueco de 3t
Base de Happy Pig· Abierta — hueco de 12t
Base de B.Alejandro· Abierta — hueco de 5t
Base de 金戈铁鸡· Abierta — hueco de 11t
Terreno inicial suavizado · ◌ = hueco del cierre detectado · pasá el cursor para detalles
Inputs por minuto
— 俄佐立仲裁者泰菲力 - - L_CLAN_Ponga
Build order — 俄佐立仲裁者泰菲力
Primeras 150 de 234 acciones detectadas
| 0:05 | Construir | Town Center |
| 0:37 | Construir | Dock |
| 1:20 | Construir | House |
| 2:27 | Crear | Villager (Male) |
| 2:27 | Crear | Villager (Male) |
| 2:28 | Crear | Villager (Male) |
| 2:28 | Crear | Villager (Male) |
| 2:28 | Crear | Villager (Male) |
| 3:32 | Crear | Fishing Ship |
| 3:48 | Crear | Villager (Male) |
| 3:48 | Crear | Villager (Male) |
| 3:58 | Construir | House |
| 4:32 | Crear | Villager (Male) |
| 4:32 | Crear | Villager (Male) |
| 4:52 | Crear | Villager (Male) |
| 5:11 | Crear | Villager (Male) |
| 5:31 | Crear | Fishing Ship |
| 5:40 | Construir | House |
| 5:49 | Crear | Villager (Male) |
| 5:53 | Crear | Villager (Male) |
| 5:53 | Crear | Villager (Male) |
| 6:31 | Crear | Fishing Ship |
| 6:32 | Crear | Villager (Male) |
| 6:47 | Crear | Villager (Male) |
| 6:53 | Crear | Villager (Male) |
| 7:10 | Crear | Fishing Ship |
| 7:28 | Construir | House |
| 7:37 | Crear | Villager (Male) |
| 8:03 | Crear | Fishing Ship |
| 8:06 | Construir | House |
| 8:13 | Crear | Villager (Male) |
| 8:35 | Crear | Fishing Ship |
| 8:36 | Crear | Villager (Male) |
| 9:03 | Construir | Lumber Camp |
| 9:09 | Crear | Villager (Male) |
| 9:26 | Crear | Villager (Male) |
| 9:36 | Construir | Palisade Wall |
| 9:43 | Crear | Villager (Male) |
| 9:47 | Construir | House |
| 9:55 | Crear | Villager (Male) |
| 10:00 | Crear | Villager (Male) |
| 10:12 | Construir | Dock |
| 10:18 | Construir | Mill |
| 10:34 | Crear | Fishing Ship |
| 10:58 | Crear | Fishing Ship |
| 11:09 | Construir | Mining Camp |
| 11:17 | Crear | Villager (Male) |
| 11:22 | Construir | House |
| 11:26 | Construir | House |
| 11:44 | Investigar | Feudal Age |
| 11:54 | Construir | House |
| 11:55 | Construir | House |
| 12:00 | Crear | Fishing Ship |
| 12:00 | Crear | Fishing Ship |
| 12:07 | Crear | Fishing Ship |
| 12:43 | Crear | Villager (Male) |
| 12:47 | Crear | Fishing Ship |
| 13:26 | Crear | Fishing Ship |
| 13:51 | Construir | Palisade Wall |
| 13:52 | Construir | Palisade Wall |
| 13:54 | Edad | Edad Feudal |
| 13:55 | Construir | Palisade Wall |
| 13:58 | Construir | Watch Tower |
| 14:01 | Crear | Unit 2626 |
| 14:01 | Crear | Unit 2626 |
| 14:10 | Crear | Villager (Male) |
| 14:11 | Investigar | Double-Bit Axe |
| 14:19 | Crear | Villager (Male) |
| 14:28 | Construir | House |
| 14:38 | Crear | Villager (Male) |
| 14:45 | Investigar | Wheelbarrow |
| 14:52 | Crear | Unit 2626 |
| 15:07 | Crear | Villager (Male) |
| 15:18 | Crear | Fire Galley |
| 15:19 | Crear | Fire Galley |
| 15:24 | Crear | Villager (Male) |
| 16:02 | Crear | Villager (Male) |
| 16:04 | Construir | Blacksmith |
| 16:22 | Crear | Villager (Male) |
| 16:42 | Crear | Villager (Male) |
| 17:00 | Construir | Barracks |
| 17:21 | Crear | Villager (Male) |
| 17:41 | Construir | Stable |
| 17:47 | Investigar | Horse Collar |
| 18:08 | Construir | Stable |
| 18:22 | Crear | Demolition Raft |
| 18:22 | Crear | Demolition Raft |
| 18:24 | Crear | Villager (Male) |
| 18:45 | Investigar | Bloodlines |
| 18:47 | Investigar | Scale Barding Armor |
| 18:54 | Crear | Demolition Raft |
| 18:57 | Crear | Demolition Raft |
| 18:59 | Crear | Demolition Raft |
| 19:01 | Crear | Villager (Male) |
| 19:01 | Crear | Villager (Male) |
| 19:15 | Construir | Farm |
| 19:17 | Construir | Farm |
| 19:27 | Construir | House |
| 19:36 | Investigar | Fletching |
| 19:50 | Crear | Unit 2626 |
| 19:50 | Crear | Unit 2626 |
| 19:58 | Construir | Farm |
| 20:02 | Construir | Farm |
| 20:12 | Crear | Demolition Raft |
| 20:12 | Crear | Demolition Raft |
| 20:14 | Crear | Villager (Male) |
| 20:25 | Construir | Lumber Camp |
| 20:34 | Construir | House |
| 20:38 | Crear | Scout Cavalry |
| 20:38 | Crear | Scout Cavalry |
| 20:45 | Investigar | Tech 906 |
| 20:51 | Crear | Villager (Male) |
| 21:00 | Construir | Farm |
| 21:02 | Construir | Farm |
| 21:10 | Construir | House |
| 21:12 | Crear | Scout Cavalry |
| 21:42 | Crear | Villager (Male) |
| 21:43 | Crear | Villager (Male) |
| 21:47 | Investigar | Loom |
| 21:51 | Construir | Farm |
| 21:51 | Construir | Farm |
| 21:51 | Construir | Farm |
| 21:51 | Construir | Farm |
| 21:52 | Construir | Farm |
| 22:02 | Construir | House |
| 22:17 | Crear | Fishing Ship |
| 22:22 | Investigar | Forging |
| 22:25 | Crear | Villager (Male) |
| 22:26 | Crear | Villager (Male) |
| 22:26 | Crear | Villager (Male) |
| 22:29 | Construir | Farm |
| 22:30 | Construir | Farm |
| 22:43 | Crear | Unit 2626 |
| 22:43 | Crear | Unit 2626 |
| 22:45 | Crear | Villager (Male) |
| 22:54 | Construir | Market |
| 23:07 | Crear | Scout Cavalry |
| 23:11 | Crear | Villager (Male) |
| 23:35 | Construir | Lumber Camp |
| 24:03 | Crear | Villager (Male) |
| 24:12 | Crear | Unit 2626 |
| 24:12 | Crear | Unit 2626 |
| 24:19 | Construir | Watch Tower |
| 24:22 | Crear | Villager (Male) |
| 24:27 | Crear | Unit 2626 |
| 24:27 | Crear | Unit 2626 |
| 24:36 | Crear | Villager (Male) |
| 24:46 | Crear | Villager (Male) |
| 24:54 | Construir | Lumber Camp |
| 25:18 | Crear | Villager (Male) |
Build order — L_CLAN_Ponga
102 acciones detectadas en el replay
| 0:42 | Construir | Town Center |
| 1:39 | Construir | Dock |
| 1:42 | Construir | House |
| 2:51 | Crear | Villager (Male) ×4 |
| 2:51 | Crear | Villager (Male) ×4 |
| 4:09 | Crear | Fishing Ship |
| 4:26 | Investigar | Loom |
| 4:46 | Crear | Villager (Male) |
| 4:54 | Construir | Palisade Wall |
| 4:55 | Construir | Palisade Wall |
| 5:26 | Crear | Fishing Ship |
| 5:30 | Crear | Villager (Male) |
| 5:30 | Crear | Villager (Male) |
| 5:35 | Construir | House |
| 6:13 | Crear | Fishing Ship |
| 6:16 | Crear | Villager (Male) |
| 6:16 | Crear | Villager (Male) |
| 6:40 | Construir | House |
| 6:56 | Crear | Villager (Male) |
| 6:56 | Crear | Villager (Male) |
| 7:12 | Crear | Villager (Male) |
| 7:12 | Crear | Villager (Male) |
| 7:27 | Crear | Fishing Ship |
| 7:45 | Crear | Villager (Male) |
| 7:45 | Crear | Villager (Male) |
| 8:13 | Crear | Fishing Ship |
| 8:15 | Crear | Villager (Male) |
| 8:15 | Crear | Villager (Male) |
| 8:30 | Construir | House |
| 8:34 | Crear | Villager (Male) |
| 8:34 | Crear | Villager (Male) |
| 8:59 | Crear | Fishing Ship |
| 9:05 | Crear | Villager (Male) |
| 9:05 | Crear | Villager (Male) |
| 9:05 | Crear | Villager (Male) |
| 9:06 | Crear | Villager (Male) |
| 9:18 | Crear | Villager (Male) |
| 9:18 | Crear | Villager (Male) |
| 10:02 | Construir | Palisade Wall |
| 10:22 | Construir | Palisade Wall |
| 10:28 | Crear | Fishing Ship |
| 10:32 | Construir | House |
| 10:44 | Crear | Villager (Male) |
| 11:20 | Crear | Fishing Ship |
| 11:26 | Crear | Villager (Male) |
| 11:30 | Construir | House |
| 11:53 | Construir | Dock |
| 12:13 | Crear | Villager (Male) |
| 12:22 | Construir | Settlement |
| 12:54 | Construir | Settlement |
| 12:56 | Investigar | Feudal Age |
| 15:06 | Edad | Edad Feudal |
| 15:11 | Crear | Unit 2626 |
| 15:13 | Crear | Unit 2626 |
| 15:14 | Crear | Villager (Male) |
| 15:18 | Investigar | Gold Mining |
| 15:20 | Investigar | Double-Bit Axe |
| 15:22 | Crear | Villager (Male) ×5 |
| 16:09 | Crear | Galley |
| 16:09 | Crear | Galley |
| 16:51 | Crear | Galley |
| 17:23 | Construir | Market |
| 17:26 | Construir | Blacksmith |
| 17:33 | Crear | Villager (Male) |
| 17:43 | Crear | Galley |
| 18:02 | Construir | House |
| 18:03 | Construir | House |
| 18:11 | Construir | Dock |
| 18:42 | Crear | Fire Galley |
| 18:45 | Crear | Fire Galley |
| 18:49 | Crear | Villager (Male) |
| 19:16 | Investigar | Castle Age |
| 19:23 | Construir | Settlement |
| 19:27 | Construir | Settlement |
| 19:30 | Investigar | Horse Collar |
| 20:48 | Crear | Fire Galley |
| 20:52 | Crear | Fire Galley |
| 20:56 | Crear | Fire Galley |
| 21:33 | Investigar | Horse Collar |
| 21:54 | Crear | Fire Galley |
| 21:55 | Crear | Fire Galley |
| 21:56 | Edad | Edad de los Castillos |
| 22:28 | Investigar | War Galley (upgrade) |
| 22:30 | Investigar | Bow Saw |
| 22:31 | Crear | Villager (Male) |
| 22:42 | Construir | Town Center |
| 22:45 | Crear | Villager (Male) |
| 23:06 | Crear | Unit 2626 |
| 23:06 | Crear | Unit 2626 |
| 23:06 | Crear | Unit 2626 |
| 23:16 | Crear | Villager (Male) |
| 23:34 | Crear | Fire Galley |
| 23:43 | Crear | Unit 2626 |
| 23:43 | Crear | Unit 2626 |
| 23:43 | Crear | Unit 2626 |
| 23:58 | Crear | Villager (Male) |
| 24:03 | Crear | Villager (Male) |
| 24:25 | Crear | Villager (Male) |
| 24:31 | Construir | Farm |
| 24:31 | Construir | Farm |
| 24:33 | Crear | Villager (Male) |
| 24:34 | Crear | Villager (Male) |
Build order — Andres_bc81
Primeras 150 de 316 acciones detectadas
| 0:15 | Construir | Town Center |
| 1:39 | Construir | House |
| 2:34 | Crear | Villager (Male) |
| 2:35 | Crear | Villager (Male) |
| 2:35 | Crear | Villager (Male) |
| 2:35 | Crear | Villager (Male) |
| 2:35 | Crear | Villager (Male) |
| 2:35 | Crear | Villager (Male) |
| 2:35 | Crear | Villager (Male) |
| 2:56 | Construir | Dock |
| 4:00 | Investigar | Loom |
| 4:21 | Crear | Villager (Male) |
| 4:21 | Crear | Villager (Male) |
| 4:21 | Crear | Villager (Male) |
| 4:21 | Crear | Villager (Male) |
| 4:21 | Crear | Villager (Male) |
| 4:24 | Construir | House |
| 4:29 | Crear | Fishing Ship |
| 4:45 | Crear | Villager (Male) |
| 4:45 | Crear | Villager (Male) |
| 4:45 | Crear | Villager (Male) |
| 4:45 | Crear | Villager (Male) |
| 4:56 | Crear | Villager (Male) |
| 4:57 | Crear | Villager (Male) |
| 4:57 | Crear | Villager (Male) |
| 5:17 | Crear | Villager (Male) |
| 5:17 | Crear | Villager (Male) |
| 5:17 | Crear | Villager (Male) |
| 5:17 | Crear | Villager (Male) |
| 5:22 | Construir | House |
| 5:44 | Crear | Villager (Male) |
| 5:44 | Crear | Villager (Male) |
| 5:44 | Crear | Villager (Male) |
| 6:06 | Crear | Villager (Male) |
| 6:06 | Crear | Villager (Male) |
| 6:06 | Crear | Villager (Male) |
| 6:12 | Crear | Villager (Male) |
| 6:12 | Crear | Villager (Male) |
| 6:12 | Crear | Villager (Male) |
| 6:12 | Crear | Villager (Male) |
| 6:53 | Crear | Fishing Ship |
| 6:53 | Crear | Fishing Ship |
| 6:56 | Crear | Villager (Male) |
| 6:56 | Crear | Villager (Male) |
| 6:56 | Crear | Villager (Male) |
| 7:04 | Crear | Villager (Male) |
| 7:04 | Crear | Villager (Male) |
| 7:04 | Crear | Villager (Male) |
| 7:04 | Crear | Villager (Male) |
| 7:29 | Crear | Villager (Male) |
| 7:29 | Crear | Villager (Male) |
| 7:29 | Crear | Villager (Male) |
| 7:45 | Crear | Villager (Male) |
| 7:45 | Crear | Villager (Male) |
| 7:54 | Construir | House |
| 8:00 | Crear | Fishing Ship |
| 8:01 | Crear | Fishing Ship |
| 8:13 | Crear | Villager (Male) |
| 8:13 | Crear | Villager (Male) |
| 8:13 | Crear | Villager (Male) |
| 8:15 | Crear | Villager (Male) |
| 8:15 | Crear | Villager (Male) |
| 8:15 | Crear | Villager (Male) |
| 8:15 | Crear | Villager (Male) |
| 8:23 | Construir | House |
| 8:38 | Crear | Villager (Male) |
| 8:38 | Crear | Villager (Male) |
| 8:38 | Crear | Villager (Male) |
| 8:47 | Crear | Fishing Ship |
| 8:52 | Crear | Villager (Male) |
| 8:53 | Crear | Villager (Male) |
| 9:05 | Crear | Villager (Male) |
| 9:05 | Crear | Villager (Male) |
| 9:18 | Crear | Villager (Male) |
| 9:18 | Crear | Villager (Male) |
| 9:18 | Crear | Villager (Male) |
| 9:24 | Crear | Fishing Ship |
| 9:24 | Crear | Fishing Ship |
| 9:26 | Crear | Villager (Male) |
| 9:26 | Crear | Villager (Male) |
| 9:26 | Crear | Villager (Male) |
| 9:41 | Construir | House |
| 9:44 | Crear | Villager (Male) |
| 9:44 | Crear | Villager (Male) |
| 10:09 | Crear | Villager (Male) |
| 10:20 | Construir | Settlement |
| 10:21 | Crear | Villager (Male) |
| 10:43 | Crear | Villager (Male) |
| 11:13 | Investigar | Feudal Age |
| 11:38 | Construir | Settlement |
| 12:57 | Crear | Villager (Male) |
| 13:00 | Crear | Villager (Male) |
| 13:55 | Edad | Edad Feudal |
| 14:01 | Construir | Market |
| 14:08 | Construir | Blacksmith |
| 14:55 | Investigar | Castle Age |
| 15:01 | Crear | Unit 2626 |
| 15:16 | Investigar | Double-Bit Axe |
| 15:42 | Construir | Farm |
| 16:04 | Crear | Unit 2626 |
| 16:45 | Construir | Settlement |
| 17:10 | Investigar | Fletching |
| 17:30 | Crear | Unit 2626 |
| 17:30 | Crear | Unit 2626 |
| 17:35 | Edad | Edad de los Castillos |
| 17:41 | Crear | Villager (Male) |
| 17:45 | Investigar | Bodkin Arrow |
| 18:10 | Construir | Farm |
| 18:12 | Construir | Farm |
| 18:17 | Construir | Farm |
| 18:19 | Construir | Farm |
| 18:20 | Crear | Villager (Male) |
| 18:20 | Crear | Villager (Male) |
| 18:20 | Crear | Villager (Male) |
| 18:35 | Crear | Villager (Male) |
| 18:39 | Crear | Villager (Male) |
| 18:39 | Crear | Villager (Male) |
| 18:54 | Crear | Villager (Male) |
| 18:54 | Crear | Villager (Male) |
| 19:05 | Construir | Castle |
| 19:28 | Crear | Villager (Male) |
| 19:38 | Crear | Villager (Male) |
| 19:39 | Crear | Villager (Male) |
| 19:39 | Crear | Villager (Male) |
| 19:49 | Crear | Unit 2626 |
| 20:14 | Construir | Monastery |
| 20:17 | Crear | Villager (Male) |
| 20:43 | Crear | Unit 2579 |
| 20:43 | Crear | Unit 2579 |
| 20:44 | Crear | Unit 2579 |
| 20:44 | Crear | Unit 2579 |
| 20:46 | Crear | Villager (Male) |
| 20:50 | Crear | Monk |
| 20:53 | Crear | Villager (Male) |
| 21:02 | Crear | Villager (Male) |
| 21:13 | Crear | Unit 2579 |
| 21:13 | Crear | Unit 2579 |
| 21:40 | Crear | Villager (Male) |
| 21:44 | Crear | Unit 2579 |
| 21:45 | Crear | Unit 2579 |
| 22:04 | Crear | Villager (Male) |
| 22:04 | Crear | Villager (Male) |
| 22:08 | Crear | Unit 2579 |
| 22:08 | Crear | Unit 2579 |
| 22:26 | Investigar | Padded Archer Armor |
| 22:52 | Crear | Villager (Male) |
| 22:52 | Crear | Villager (Male) |
| 22:52 | Crear | Villager (Male) |
| 22:53 | Crear | Villager (Male) |
| 22:53 | Crear | Villager (Male) |
Build order — Qian
Primeras 150 de 339 acciones detectadas
| 0:14 | Construir | Town Center |
| 0:29 | Construir | House |
| 1:39 | Construir | Dock |
| 2:00 | Construir | Palisade Wall |
| 2:08 | Construir | Palisade Wall |
| 2:34 | Crear | Villager (Male) |
| 2:34 | Crear | Villager (Male) |
| 2:34 | Crear | Villager (Male) |
| 2:34 | Crear | Villager (Male) |
| 2:35 | Crear | Villager (Male) |
| 3:52 | Crear | Fishing Ship |
| 4:11 | Crear | Villager (Male) |
| 4:20 | Investigar | Loom |
| 4:28 | Construir | House |
| 4:47 | Crear | Villager (Male) |
| 4:47 | Crear | Villager (Male) |
| 4:55 | Construir | Palisade Wall |
| 5:00 | Construir | Palisade Wall |
| 5:00 | Construir | Palisade Wall |
| 5:28 | Crear | Villager (Male) |
| 5:28 | Crear | Villager (Male) |
| 5:53 | Crear | Fishing Ship |
| 6:04 | Crear | Villager (Male) |
| 6:04 | Crear | Villager (Male) |
| 6:22 | Construir | House |
| 6:46 | Crear | Villager (Male) |
| 6:46 | Crear | Villager (Male) |
| 7:13 | Crear | Villager (Male) |
| 7:13 | Crear | Villager (Male) |
| 7:23 | Crear | Villager (Male) |
| 7:52 | Crear | Villager (Male) |
| 8:01 | Crear | Fishing Ship |
| 8:01 | Crear | Fishing Ship |
| 8:10 | Crear | Villager (Male) |
| 8:14 | Crear | Villager (Male) |
| 8:31 | Construir | House |
| 8:44 | Construir | Mill |
| 8:57 | Crear | Villager (Male) |
| 9:14 | Crear | Villager (Male) |
| 9:20 | Crear | Villager (Male) |
| 9:30 | Construir | Palisade Wall |
| 9:33 | Crear | Villager (Male) |
| 9:49 | Crear | Villager (Male) |
| 10:06 | Construir | Palisade Wall |
| 10:12 | Crear | Villager (Male) |
| 10:16 | Construir | House |
| 10:26 | Crear | Villager (Male) |
| 10:39 | Crear | Fishing Ship |
| 10:54 | Construir | House |
| 11:00 | Construir | Palisade Wall |
| 11:07 | Crear | Villager (Male) |
| 11:16 | Construir | Palisade Wall |
| 11:37 | Crear | Fishing Ship |
| 12:15 | Crear | Villager (Male) |
| 12:16 | Crear | Fishing Ship |
| 12:24 | Construir | Mining Camp |
| 12:29 | Investigar | Feudal Age |
| 12:53 | Crear | Villager (Male) |
| 13:58 | Crear | Villager (Male) |
| 14:22 | Crear | Fishing Ship |
| 14:48 | Edad | Edad Feudal |
| 14:50 | Construir | Market |
| 14:59 | Construir | Blacksmith |
| 15:47 | Investigar | Castle Age |
| 15:47 | Investigar | Castle Age |
| 15:50 | Construir | Lumber Camp |
| 16:12 | Investigar | Double-Bit Axe |
| 16:12 | Investigar | Double-Bit Axe |
| 16:58 | Crear | Villager (Male) |
| 17:24 | Construir | Dock |
| 17:30 | Construir | Dock |
| 18:27 | Edad | Edad de los Castillos |
| 18:28 | Crear | Turtle Ship |
| 18:31 | Construir | House |
| 18:34 | Construir | House |
| 18:42 | Investigar | Wheelbarrow |
| 18:43 | Investigar | Bow Saw |
| 18:46 | Construir | Farm |
| 18:47 | Construir | Farm |
| 18:59 | Construir | Farm |
| 19:19 | Construir | Palisade Wall |
| 19:21 | Construir | Palisade Wall |
| 19:31 | Construir | Palisade Wall |
| 19:35 | Crear | Villager (Male) |
| 19:41 | Crear | Turtle Ship |
| 19:41 | Crear | Turtle Ship |
| 20:14 | Construir | House |
| 20:15 | Crear | Villager (Male) |
| 20:19 | Construir | Farm |
| 20:19 | Construir | Farm |
| 20:19 | Construir | Farm |
| 20:20 | Construir | Farm |
| 20:20 | Construir | Farm |
| 20:20 | Construir | Farm |
| 20:46 | Crear | Turtle Ship |
| 20:46 | Crear | Turtle Ship |
| 20:46 | Crear | Turtle Ship |
| 20:59 | Crear | Villager (Male) |
| 20:59 | Crear | Villager (Male) |
| 21:01 | Construir | Farm |
| 21:01 | Crear | Villager (Male) |
| 21:30 | Crear | Turtle Ship |
| 21:30 | Crear | Turtle Ship |
| 21:42 | Crear | Villager (Male) |
| 21:45 | Construir | Farm |
| 21:46 | Construir | Farm |
| 21:46 | Crear | Villager (Male) |
| 21:47 | Crear | Villager (Male) |
| 22:26 | Crear | Turtle Ship |
| 22:26 | Crear | Turtle Ship |
| 22:27 | Crear | Villager (Male) |
| 22:27 | Crear | Villager (Male) |
| 22:37 | Construir | House |
| 23:01 | Crear | Villager (Male) |
| 23:34 | Construir | Town Center |
| 23:51 | Crear | Villager (Male) |
| 24:06 | Crear | Fishing Ship |
| 24:07 | Crear | Fishing Ship |
| 24:07 | Crear | Fishing Ship |
| 24:34 | Crear | Turtle Ship |
| 24:35 | Crear | Villager (Male) |
| 24:35 | Crear | Villager (Male) |
| 24:37 | Construir | House |
| 24:38 | Crear | Villager (Male) |
| 24:43 | Crear | Villager (Male) |
| 24:55 | Crear | Villager (Male) |
| 24:55 | Crear | Villager (Male) |
| 24:56 | Crear | Villager (Male) |
| 24:57 | Crear | Villager (Male) |
| 25:06 | Crear | Villager (Male) |
| 25:06 | Crear | Villager (Male) |
| 25:10 | Crear | Turtle Ship |
| 25:10 | Crear | Turtle Ship |
| 25:11 | Crear | Villager (Male) |
| 25:27 | Crear | Villager (Male) |
| 25:40 | Construir | House |
| 26:07 | Construir | Town Center |
| 26:20 | Crear | Villager (Male) |
| 26:22 | Construir | House |
| 26:40 | Investigar | Hand Cart |
| 26:42 | Crear | Villager (Male) |
| 26:44 | Crear | Fishing Ship |
| 26:45 | Crear | Fishing Ship |
| 27:00 | Crear | Villager (Male) |
| 27:11 | Crear | Villager (Male) |
| 27:20 | Crear | Villager (Male) |
| 27:31 | Construir | Farm |
| 27:31 | Construir | Farm |
| 27:37 | Investigar | Tech 906 |
| 27:37 | Crear | Fishing Ship |
Build order — [MAD1] ahillstead
Primeras 150 de 156 acciones detectadas
| 0:10 | Construir | Town Center |
| 1:17 | Construir | Dock |
| 1:21 | Construir | House |
| 2:31 | Crear | Villager (Male) |
| 2:32 | Crear | Villager (Male) |
| 2:32 | Crear | Villager (Male) |
| 2:32 | Crear | Villager (Male) |
| 2:33 | Crear | Fishing Ship |
| 2:34 | Crear | Fishing Ship |
| 2:56 | Crear | Villager (Male) |
| 2:56 | Crear | Villager (Male) |
| 3:53 | Crear | Fishing Ship |
| 3:53 | Crear | Fishing Ship |
| 4:16 | Construir | House |
| 4:21 | Crear | Villager (Male) |
| 4:28 | Crear | Villager (Male) |
| 4:31 | Investigar | Loom |
| 4:37 | Crear | Villager (Male) |
| 5:01 | Crear | Fishing Ship |
| 5:02 | Crear | Villager (Male) |
| 5:46 | Crear | Fishing Ship |
| 5:48 | Crear | Villager (Male) |
| 5:54 | Construir | House |
| 6:14 | Crear | Villager (Male) |
| 6:26 | Crear | Fishing Ship |
| 6:26 | Crear | Fishing Ship |
| 6:49 | Construir | House |
| 6:50 | Crear | Villager (Male) |
| 6:51 | Crear | Villager (Male) |
| 7:12 | Crear | Fishing Ship |
| 7:15 | Crear | Villager (Male) |
| 7:15 | Crear | Villager (Male) |
| 7:40 | Crear | Villager (Male) |
| 7:40 | Crear | Villager (Male) |
| 7:42 | Crear | Fishing Ship |
| 7:51 | Crear | Villager (Male) |
| 7:52 | Crear | Villager (Male) |
| 8:11 | Crear | Villager (Male) |
| 8:26 | Crear | Villager (Male) |
| 8:27 | Crear | Fishing Ship |
| 8:35 | Construir | House |
| 8:47 | Construir | House |
| 9:10 | Crear | Villager (Male) |
| 9:11 | Crear | Fishing Ship |
| 9:27 | Construir | House |
| 9:45 | Construir | Palisade Gate |
| 9:50 | Crear | Villager (Male) |
| 9:55 | Crear | Fishing Ship |
| 10:16 | Crear | Villager (Male) |
| 10:24 | Construir | Palisade Wall |
| 10:47 | Construir | Lumber Camp |
| 10:48 | Crear | Villager (Male) |
| 10:53 | Crear | Fishing Ship |
| 10:59 | Construir | Palisade Wall |
| 11:15 | Investigar | Feudal Age |
| 11:35 | Crear | Fishing Ship |
| 12:14 | Construir | Dock |
| 12:16 | Crear | Villager (Male) |
| 12:23 | Construir | Mining Camp |
| 12:32 | Crear | Fishing Ship |
| 13:02 | Crear | Fishing Ship |
| 13:12 | Crear | Fishing Ship |
| 13:19 | Edad | Edad Feudal |
| 13:22 | Crear | Unit 2626 |
| 13:30 | Investigar | Double-Bit Axe |
| 13:41 | Construir | Watch Tower |
| 13:46 | Crear | Villager (Male) |
| 13:47 | Crear | Villager (Male) |
| 13:48 | Crear | Villager (Male) |
| 13:48 | Crear | Villager (Male) |
| 13:55 | Construir | House |
| 14:02 | Construir | House |
| 14:04 | Construir | House |
| 14:07 | Crear | Unit 2626 |
| 14:09 | Crear | Villager (Male) |
| 14:13 | Investigar | Gold Mining |
| 14:28 | Crear | Unit 2626 |
| 14:29 | Crear | Villager (Male) |
| 14:31 | Crear | Villager (Male) |
| 14:35 | Construir | House |
| 14:41 | Crear | Unit 2626 |
| 15:01 | Crear | Unit 2626 |
| 15:03 | Crear | Villager (Male) |
| 15:04 | Crear | Villager (Male) |
| 15:16 | Crear | Unit 2626 |
| 15:23 | Construir | Dock |
| 15:32 | Crear | Villager (Male) |
| 15:44 | Crear | Unit 2626 |
| 15:45 | Crear | Villager (Male) |
| 15:47 | Construir | House |
| 15:53 | Construir | Palisade Gate |
| 15:55 | Crear | Villager (Male) |
| 15:57 | Crear | Unit 2626 |
| 15:57 | Crear | Unit 2626 |
| 16:09 | Crear | Unit 2626 |
| 16:21 | Construir | Dock |
| 16:48 | Crear | Unit 2626 |
| 16:49 | Crear | Unit 2626 |
| 16:57 | Crear | Villager (Male) |
| 17:06 | Crear | Unit 2626 |
| 17:07 | Crear | Villager (Male) |
| 17:14 | Construir | Blacksmith |
| 17:16 | Construir | House |
| 17:17 | Construir | House |
| 17:17 | Construir | House |
| 17:36 | Crear | Unit 2626 |
| 17:37 | Crear | Villager (Male) |
| 17:37 | Crear | Villager (Male) |
| 17:43 | Crear | Unit 2626 |
| 17:43 | Crear | Unit 2626 |
| 18:01 | Crear | Unit 2626 |
| 18:01 | Crear | Unit 2626 |
| 18:06 | Investigar | Fletching |
| 18:11 | Investigar | Wheelbarrow |
| 18:39 | Crear | Villager (Male) |
| 18:40 | Crear | Unit 2626 |
| 18:43 | Crear | Unit 2626 |
| 18:43 | Crear | Unit 2626 |
| 18:46 | Crear | Unit 2626 |
| 18:46 | Crear | Unit 2626 |
| 19:21 | Crear | Unit 2626 |
| 19:21 | Crear | Villager (Male) |
| 19:22 | Crear | Villager (Male) |
| 20:02 | Construir | Barracks |
| 20:10 | Crear | Unit 2626 |
| 20:10 | Crear | Unit 2626 |
| 20:10 | Crear | Unit 2626 |
| 20:37 | Crear | Spearman |
| 20:42 | Construir | Mill |
| 21:05 | Crear | Villager (Male) |
| 21:13 | Crear | Spearman |
| 21:14 | Crear | Villager (Male) |
| 21:22 | Construir | Market |
| 21:30 | Crear | Spearman |
| 21:41 | Construir | Barracks |
| 21:53 | Crear | Spearman |
| 22:29 | Investigar | Castle Age |
| 22:29 | Investigar | Castle Age |
| 22:48 | Crear | Spearman |
| 22:48 | Crear | Spearman |
| 22:48 | Crear | Spearman |
| 22:52 | Crear | Spearman |
| 22:52 | Crear | Spearman |
| 22:57 | Investigar | Tech 906 |
| 22:57 | Crear | Fishing Ship |
| 22:58 | Crear | Fishing Ship |
| 22:58 | Crear | Fishing Ship |
| 22:59 | Crear | Fishing Ship |
| 23:22 | Crear | Spearman |
| 23:22 | Crear | Spearman |
Build order — Happy Pig
Primeras 150 de 336 acciones detectadas
| 0:06 | Construir | House |
| 0:24 | Construir | Town Center |
| 0:50 | Construir | Dock |
| 2:40 | Crear | Villager (Male) |
| 2:41 | Crear | Villager (Male) |
| 2:41 | Crear | Villager (Male) |
| 2:41 | Crear | Villager (Male) |
| 2:41 | Crear | Villager (Male) |
| 2:51 | Crear | Fishing Ship |
| 3:47 | Crear | Villager (Male) |
| 3:47 | Crear | Villager (Male) |
| 3:59 | Construir | House |
| 4:51 | Crear | Villager (Male) |
| 5:07 | Crear | Fishing Ship |
| 5:24 | Construir | House |
| 5:46 | Crear | Villager (Male) |
| 6:01 | Crear | Villager (Male) |
| 6:05 | Crear | Fishing Ship |
| 6:08 | Construir | House |
| 6:22 | Crear | Villager (Male) |
| 6:41 | Crear | Villager (Male) |
| 6:50 | Crear | Fishing Ship |
| 7:07 | Crear | Villager (Male) |
| 7:18 | Crear | Fishing Ship |
| 7:30 | Crear | Villager (Male) |
| 7:51 | Crear | Villager (Male) |
| 7:52 | Crear | Fishing Ship |
| 7:57 | Construir | House |
| 7:59 | Crear | Villager (Male) |
| 8:24 | Crear | Fishing Ship |
| 8:39 | Crear | Villager (Male) |
| 8:43 | Construir | House |
| 8:57 | Crear | Villager (Male) |
| 9:20 | Crear | Fishing Ship |
| 9:53 | Crear | Villager (Male) |
| 9:54 | Crear | Villager (Male) |
| 10:00 | Construir | Dock |
| 10:08 | Crear | Villager (Male) |
| 10:31 | Crear | Fishing Ship |
| 10:41 | Construir | Mill |
| 10:44 | Crear | Fishing Ship |
| 10:49 | Construir | House |
| 10:50 | Construir | House |
| 10:53 | Crear | Villager (Male) |
| 11:09 | Crear | Villager (Male) |
| 11:12 | Crear | Fishing Ship |
| 11:53 | Investigar | Feudal Age |
| 12:02 | Construir | Mining Camp |
| 12:15 | Crear | Villager (Male) |
| 12:21 | Crear | Fishing Ship |
| 13:03 | Crear | Villager (Male) |
| 13:26 | Crear | Fishing Ship |
| 13:36 | Construir | House |
| 13:56 | Edad | Edad Feudal |
| 14:00 | Construir | Market |
| 14:03 | Construir | Blacksmith |
| 14:07 | Crear | Villager (Male) |
| 14:16 | Construir | Lumber Camp |
| 14:29 | Investigar | Loom |
| 14:49 | Investigar | Castle Age |
| 15:04 | Investigar | Double-Bit Axe |
| 15:47 | Construir | Barracks |
| 15:51 | Investigar | Scale Barding Armor |
| 16:06 | Construir | House |
| 16:06 | Construir | House |
| 16:28 | Investigar | Forging |
| 16:45 | Construir | Stable |
| 17:09 | Construir | Stable |
| 17:12 | Crear | Villager (Male) |
| 17:12 | Crear | Villager (Male) |
| 17:30 | Edad | Edad de los Castillos |
| 17:54 | Construir | Dock |
| 17:55 | Crear | Villager (Male) |
| 18:18 | Crear | Knight |
| 18:19 | Crear | Knight |
| 18:39 | Crear | Villager (Male) |
| 18:39 | Crear | Villager (Male) |
| 18:39 | Crear | Villager (Male) |
| 18:56 | Construir | Town Center |
| 19:05 | Crear | Knight |
| 19:05 | Crear | Knight |
| 19:08 | Crear | Villager (Male) |
| 19:25 | Crear | Knight |
| 19:25 | Crear | Villager (Male) |
| 20:00 | Crear | Villager (Male) |
| 20:01 | Crear | Villager (Male) |
| 20:12 | Construir | Siege Workshop |
| 20:36 | Crear | Knight |
| 20:37 | Crear | Villager (Male) |
| 20:54 | Crear | Villager (Male) |
| 21:01 | Crear | Villager (Male) |
| 21:10 | Crear | Villager (Male) |
| 21:16 | Crear | Mangonel |
| 21:26 | Construir | Outpost |
| 21:26 | Crear | Villager (Male) |
| 21:32 | Investigar | Chain Barding Armor |
| 21:34 | Crear | Knight |
| 21:34 | Crear | Knight |
| 21:34 | Crear | Knight |
| 21:35 | Crear | Villager (Male) |
| 22:10 | Crear | Knight |
| 22:11 | Crear | Knight |
| 22:22 | Construir | House |
| 22:23 | Crear | Villager (Male) |
| 22:33 | Crear | Villager (Male) |
| 22:34 | Crear | Villager (Male) |
| 22:49 | Crear | Villager (Male) |
| 22:49 | Crear | Villager (Male) |
| 22:53 | Construir | Farm |
| 22:55 | Construir | Farm |
| 23:05 | Construir | House |
| 23:07 | Crear | Mangonel |
| 23:38 | Crear | Villager (Male) |
| 23:38 | Crear | Villager (Male) |
| 23:48 | Crear | Villager (Male) |
| 23:51 | Construir | House |
| 24:02 | Construir | House |
| 24:07 | Construir | Farm |
| 24:07 | Construir | Farm |
| 24:08 | Construir | Farm |
| 24:08 | Construir | Farm |
| 24:08 | Construir | Farm |
| 24:08 | Construir | Farm |
| 24:08 | Construir | Farm |
| 24:09 | Construir | Farm |
| 24:09 | Construir | Farm |
| 24:09 | Construir | Farm |
| 24:17 | Crear | Villager (Male) |
| 24:47 | Construir | Monastery |
| 24:55 | Crear | Villager (Male) |
| 25:13 | Crear | Villager (Male) |
| 25:41 | Construir | Farm |
| 25:42 | Crear | Villager (Male) |
| 25:44 | Construir | Farm |
| 25:47 | Construir | Farm |
| 25:49 | Construir | Farm |
| 25:51 | Construir | House |
| 25:52 | Crear | Villager (Male) |
| 25:56 | Crear | Monk |
| 25:58 | Crear | Villager (Male) |
| 26:19 | Construir | Farm |
| 26:20 | Crear | Villager (Male) |
| 26:21 | Crear | Villager (Male) |
| 26:24 | Construir | House |
| 26:34 | Construir | House |
| 26:39 | Crear | Monk |
| 27:06 | Crear | Villager (Male) |
| 27:06 | Crear | Villager (Male) |
| 27:07 | Crear | Villager (Male) |
| 27:26 | Crear | Villager (Male) |
Build order — B.Alejandro
101 acciones detectadas en el replay
| 0:21 | Construir | Town Center |
| 0:57 | Construir | Dock |
| 1:47 | Construir | House |
| 1:54 | Construir | House |
| 2:49 | Crear | Villager (Male) ×4 |
| 4:19 | Crear | Fishing Ship |
| 4:25 | Crear | Villager (Male) |
| 4:25 | Crear | Villager (Male) |
| 5:02 | Crear | Fishing Ship |
| 5:04 | Investigar | Loom |
| 5:37 | Crear | Fishing Ship |
| 5:41 | Crear | Villager (Male) |
| 6:08 | Crear | Villager (Male) |
| 6:18 | Construir | House |
| 6:31 | Crear | Villager (Male) |
| 6:31 | Crear | Villager (Male) |
| 6:54 | Crear | Villager (Male) |
| 6:55 | Crear | Fishing Ship |
| 7:07 | Crear | Villager (Male) |
| 7:21 | Crear | Villager (Male) |
| 7:38 | Crear | Villager (Male) |
| 7:54 | Crear | Villager (Male) |
| 8:00 | Crear | Fishing Ship |
| 8:08 | Construir | House |
| 8:26 | Crear | Villager (Male) |
| 8:41 | Construir | House |
| 9:19 | Crear | Fishing Ship |
| 9:42 | Crear | Villager (Male) |
| 10:09 | Crear | Villager (Male) |
| 10:12 | Construir | Lumber Camp |
| 10:31 | Crear | Villager (Male) |
| 10:43 | Investigar | Feudal Age |
| 10:43 | Investigar | Feudal Age |
| 10:47 | Construir | Mining Camp |
| 12:43 | Construir | Dock |
| 12:45 | Crear | Villager (Male) |
| 12:45 | Crear | Villager (Male) |
| 12:52 | Edad | Edad Feudal |
| 12:56 | Crear | Unit 2626 |
| 12:59 | Crear | Galley |
| 13:07 | Investigar | Double-Bit Axe |
| 13:22 | Construir | Barracks |
| 13:25 | Crear | Villager (Male) |
| 13:31 | Crear | Galley |
| 14:07 | Construir | Palisade Wall |
| 14:14 | Crear | Villager (Male) |
| 14:14 | Crear | Villager (Male) |
| 14:19 | Crear | Galley |
| 14:19 | Crear | Galley |
| 14:29 | Construir | Archery Range |
| 14:41 | Construir | House |
| 14:45 | Investigar | Wheelbarrow |
| 15:23 | Crear | Villager (Male) |
| 15:25 | Crear | Archer |
| 15:25 | Crear | Archer |
| 15:51 | Crear | Fishing Ship |
| 15:57 | Crear | Archer |
| 16:05 | Construir | Mill |
| 16:15 | Crear | Villager (Male) |
| 16:16 | Crear | Villager (Male) |
| 16:29 | Construir | Blacksmith |
| 16:46 | Construir | House |
| 17:25 | Crear | Archer |
| 17:27 | Construir | Archery Range |
| 17:32 | Construir | Farm |
| 17:33 | Construir | Farm |
| 17:34 | Construir | Farm |
| 17:49 | Crear | Archer |
| 17:58 | Construir | Farm |
| 18:26 | Crear | Villager (Male) |
| 18:26 | Crear | Villager (Male) |
| 18:40 | Crear | Archer |
| 18:41 | Crear | Archer |
| 18:43 | Construir | House |
| 18:48 | Construir | Farm |
| 19:00 | Investigar | Tech 906 |
| 19:02 | Construir | House |
| 19:06 | Crear | Archer |
| 19:06 | Crear | Archer |
| 19:40 | Crear | Archer |
| 19:40 | Crear | Archer |
| 19:46 | Crear | Skirmisher |
| 19:46 | Crear | Skirmisher |
| 19:50 | Construir | Farm |
| 20:41 | Crear | Villager (Male) |
| 21:02 | Crear | Villager (Male) |
| 21:06 | Crear | Fishing Ship |
| 21:07 | Crear | Fishing Ship |
| 21:53 | Crear | Villager (Male) |
| 21:58 | Crear | Villager (Male) |
| 22:20 | Construir | Lumber Camp |
| 22:50 | Crear | Fishing Ship |
| 22:50 | Crear | Fishing Ship |
| 22:58 | Crear | Villager (Male) |
| 22:58 | Crear | Villager (Male) |
| 23:31 | Crear | Villager (Male) |
| 23:46 | Crear | Unit 2626 |
| 23:46 | Crear | Unit 2626 |
| 23:53 | Crear | Fishing Ship |
| 23:53 | Crear | Fishing Ship |
| 23:56 | Crear | Villager (Male) |
Build order — 金戈铁鸡
Primeras 150 de 283 acciones detectadas
| 0:16 | Construir | Town Center |
| 1:06 | Construir | Dock |
| 1:10 | Construir | House |
| 2:40 | Crear | Villager (Male) |
| 2:41 | Crear | Villager (Male) |
| 2:41 | Crear | Villager (Male) |
| 2:41 | Crear | Villager (Male) |
| 2:42 | Crear | Villager (Male) |
| 3:51 | Crear | Fishing Ship |
| 4:16 | Crear | Villager (Male) |
| 4:16 | Crear | Villager (Male) |
| 4:26 | Construir | House |
| 5:05 | Crear | Villager (Male) |
| 5:05 | Crear | Villager (Male) |
| 5:05 | Crear | Villager (Male) |
| 5:32 | Crear | Villager (Male) |
| 5:35 | Crear | Fishing Ship |
| 5:35 | Crear | Fishing Ship |
| 5:55 | Crear | Villager (Male) |
| 5:55 | Crear | Villager (Male) |
| 5:55 | Crear | Villager (Male) |
| 6:08 | Crear | Villager (Male) |
| 6:09 | Crear | Villager (Male) |
| 6:19 | Crear | Villager (Male) |
| 6:20 | Crear | Villager (Male) |
| 6:25 | Construir | House |
| 6:40 | Crear | Villager (Male) |
| 6:40 | Crear | Villager (Male) |
| 7:02 | Crear | Fishing Ship |
| 7:05 | Crear | Villager (Male) |
| 7:06 | Crear | Villager (Male) |
| 7:43 | Crear | Villager (Male) |
| 7:44 | Crear | Villager (Male) |
| 7:45 | Crear | Fishing Ship |
| 7:57 | Construir | House |
| 8:24 | Crear | Villager (Male) |
| 8:24 | Crear | Villager (Male) |
| 8:25 | Crear | Fishing Ship |
| 8:48 | Crear | Villager (Male) |
| 8:51 | Crear | Fishing Ship |
| 8:53 | Crear | Villager (Male) |
| 9:05 | Construir | House |
| 9:06 | Crear | Villager (Male) |
| 9:40 | Construir | Mill |
| 9:55 | Crear | Villager (Male) |
| 10:14 | Crear | Villager (Male) |
| 10:22 | Construir | Mining Camp |
| 10:40 | Investigar | Loom |
| 10:40 | Investigar | Loom |
| 11:39 | Investigar | Feudal Age |
| 11:55 | Construir | Barracks |
| 12:27 | Construir | House |
| 12:51 | Construir | House |
| 13:08 | Crear | Villager (Male) |
| 13:08 | Crear | Villager (Male) |
| 13:58 | Edad | Edad Feudal |
| 14:01 | Construir | Archery Range |
| 14:18 | Construir | Blacksmith |
| 14:42 | Construir | Palisade Wall |
| 14:47 | Construir | Lumber Camp |
| 14:55 | Investigar | Castle Age |
| 14:55 | Investigar | Castle Age |
| 14:55 | Investigar | Castle Age |
| 15:10 | Crear | Fishing Ship |
| 15:27 | Crear | Archer |
| 16:04 | Crear | Archer |
| 16:08 | Crear | Villager (Male) |
| 16:11 | Investigar | Double-Bit Axe |
| 16:11 | Investigar | Double-Bit Axe |
| 16:24 | Investigar | Fletching |
| 16:24 | Investigar | Fletching |
| 16:51 | Crear | Archer |
| 17:14 | Crear | Archer |
| 17:31 | Crear | Villager (Male) |
| 17:35 | Edad | Edad de los Castillos |
| 17:38 | Crear | Villager (Male) |
| 17:48 | Construir | Town Center |
| 17:59 | Investigar | Bodkin Arrow |
| 17:59 | Investigar | Bodkin Arrow |
| 18:18 | Crear | Archer |
| 18:19 | Crear | Villager (Male) |
| 18:22 | Construir | House |
| 18:23 | Construir | House |
| 18:27 | Crear | Villager (Male) |
| 18:35 | Crear | Villager (Male) |
| 19:04 | Crear | Archer |
| 19:05 | Crear | Villager (Male) |
| 19:05 | Crear | Villager (Male) |
| 19:23 | Crear | Villager (Male) |
| 19:25 | Construir | House |
| 19:25 | Construir | House |
| 19:35 | Investigar | Crossbowman (upgrade) |
| 19:35 | Investigar | Crossbowman (upgrade) |
| 19:37 | Crear | Villager (Male) |
| 19:37 | Crear | Villager (Male) |
| 20:14 | Crear | Archer |
| 20:14 | Crear | Archer |
| 20:28 | Construir | House |
| 20:29 | Crear | Villager (Male) |
| 20:29 | Crear | Villager (Male) |
| 20:30 | Crear | Villager (Male) |
| 20:30 | Crear | Villager (Male) |
| 20:32 | Construir | Farm |
| 20:32 | Construir | Farm |
| 20:32 | Construir | Farm |
| 20:32 | Construir | Farm |
| 20:33 | Construir | Farm |
| 20:37 | Investigar | Horse Collar |
| 20:37 | Investigar | Horse Collar |
| 21:01 | Crear | Archer |
| 21:01 | Crear | Archer |
| 21:06 | Crear | Villager (Male) |
| 21:06 | Crear | Villager (Male) |
| 21:10 | Construir | Farm |
| 21:13 | Construir | Farm |
| 21:14 | Crear | Villager (Male) |
| 21:20 | Investigar | Heavy Plow |
| 21:35 | Crear | Archer |
| 21:36 | Crear | Archer |
| 22:00 | Crear | Villager (Male) |
| 22:01 | Crear | Archer |
| 22:10 | Construir | Town Center |
| 22:18 | Construir | Farm |
| 22:18 | Construir | Farm |
| 22:23 | Crear | Archer |
| 22:24 | Crear | Archer |
| 22:29 | Investigar | Wheelbarrow |
| 22:29 | Crear | Villager (Male) |
| 22:29 | Investigar | Wheelbarrow |
| 22:30 | Crear | Villager (Male) |
| 22:30 | Crear | Villager (Male) |
| 23:02 | Crear | Villager (Male) |
| 23:07 | Crear | Archer |
| 23:07 | Crear | Villager (Male) |
| 23:22 | Construir | Monastery |
| 23:27 | Crear | Archer |
| 23:28 | Crear | Villager (Male) |
| 23:29 | Crear | Villager (Male) |
| 23:47 | Crear | Villager (Male) |
| 23:47 | Crear | Villager (Male) |
| 23:49 | Construir | Farm |
| 23:49 | Construir | Farm |
| 23:49 | Construir | Farm |
| 23:49 | Construir | Farm |
| 23:50 | Construir | Farm |
| 24:04 | Crear | Villager (Male) |
| 24:06 | Crear | Monk |
| 24:24 | Construir | House |
| 24:25 | Construir | House |
| 24:39 | Investigar | Padded Archer Armor |
Cronología de la partida
| 0:37 | 俄佐立仲裁者泰菲力 · first_building Dock |
| 0:50 | Happy Pig · first_building Dock |
| 0:57 | B.Alejandro · first_building Dock |
| 1:06 | 金戈铁鸡 · first_building Dock |
| 1:17 | [MAD1] ahillstead · first_building Dock |
| 1:39 | Qian · first_building Dock |
| 1:39 | L_CLAN_Ponga · first_building Dock |
| 2:00 | Qian · wall_segment Palisade Wall x1 |
| 2:08 | Qian · wall_segment Palisade Wall x1 |
| 2:56 | Andres_bc81 · first_building Dock |
| 4:54 | L_CLAN_Ponga · wall_segment Palisade Wall x1 |
| 4:55 | L_CLAN_Ponga · wall_segment Palisade Wall x1 |
| 4:55 | Qian · wall_segment Palisade Wall x1 |
| 5:00 | Qian · wall_segment Palisade Wall x1 |
| 5:00 | Qian · wall_segment Palisade Wall x1 |
| 9:30 | Qian · wall_segment Palisade Wall x1 |
| 9:36 | 俄佐立仲裁者泰菲力 · wall_segment Palisade Wall x1 |
| 10:02 | L_CLAN_Ponga · wall_segment Palisade Wall x1 |
| 10:06 | Qian · wall_segment Palisade Wall x2 |
| 10:22 | L_CLAN_Ponga · wall_segment Palisade Wall x1 |
| 10:24 | [MAD1] ahillstead · wall_segment Palisade Wall x1 |
| 10:59 | [MAD1] ahillstead · wall_segment Palisade Wall x1 |
| 11:00 | Qian · wall_segment Palisade Wall x1 |
| 11:16 | Qian · wall_segment Palisade Wall x1 |
| 11:55 | 金戈铁鸡 · first_building Barracks |
| 12:52 | B.Alejandro · age_up feudal |
| 13:19 | [MAD1] ahillstead · age_up feudal |
| 13:22 | B.Alejandro · first_building Barracks |
| 13:51 | 俄佐立仲裁者泰菲力 · wall_segment Palisade Wall x1 |
| 13:52 | 俄佐立仲裁者泰菲力 · wall_segment Palisade Wall x1 |
| 13:54 | 俄佐立仲裁者泰菲力 · age_up feudal |
| 13:55 | 俄佐立仲裁者泰菲力 · wall_segment Palisade Wall x1 |
| 13:55 | Andres_bc81 · age_up feudal |
| 13:56 | Happy Pig · age_up feudal |
| 13:58 | 金戈铁鸡 · age_up feudal |
| 14:01 | 金戈铁鸡 · first_building Archery Range |
| 14:07 | B.Alejandro · wall_segment Palisade Wall x1 |
| 14:29 | B.Alejandro · first_building Archery Range |
| 14:42 | 金戈铁鸡 · wall_segment Palisade Wall x1 |
| 14:48 | Qian · age_up feudal |
| 15:06 | L_CLAN_Ponga · age_up feudal |
| 15:46 | Qian · first_market_sell 100 food |
| 15:47 | Happy Pig · first_building Barracks |
| 16:45 | Happy Pig · first_building Stable |
| 17:00 | 俄佐立仲裁者泰菲力 · first_building Barracks |
| 17:30 | Happy Pig · age_up castle |
| 17:35 | 金戈铁鸡 · age_up castle |
| 17:35 | Andres_bc81 · age_up castle |
| 17:41 | 俄佐立仲裁者泰菲力 · first_building Stable |
| 18:27 | Qian · age_up castle |
| 19:05 | Andres_bc81 · first_building Castle |
| 19:19 | Qian · wall_segment Palisade Wall x1 |
| 19:21 | Qian · wall_segment Palisade Wall x1 |
| 19:31 | Qian · wall_segment Palisade Wall x1 |
| 20:02 | [MAD1] ahillstead · first_building Barracks |
| 20:12 | Happy Pig · first_building Siege Workshop |
| 20:14 | Andres_bc81 · first_building Monastery |
| 21:56 | L_CLAN_Ponga · age_up castle |
| 22:26 | [MAD1] ahillstead · first_market_sell 100 wood |
| 23:22 | 金戈铁鸡 · first_building Monastery |
| 23:40 | 俄佐立仲裁者泰菲力 · first_market_buy 100 stone |
| 24:19 | [MAD1] ahillstead · first_building Stable |
| 24:47 | Happy Pig · first_building Monastery |
| 24:48 | B.Alejandro · resign |
| 24:54 | [MAD1] ahillstead · age_up castle |
| 26:11 | 俄佐立仲裁者泰菲力 · first_market_sell 100 food |
| 27:02 | 金戈铁鸡 · first_building Siege Workshop |
| 28:08 | Happy Pig · first_market_buy 100 stone |
| 28:55 | 俄佐立仲裁者泰菲力 · first_building Archery Range |
| 29:31 | Qian · first_market_buy 100 stone |
| 30:43 | Qian · first_building Monastery |
| 31:02 | 俄佐立仲裁者泰菲力 · age_up castle |
| 32:17 | 金戈铁鸡 · first_building Castle |
| 32:34 | Qian · first_building Barracks |
| 33:26 | Qian · first_building Archery Range |
| 34:13 | Qian · first_building Castle |
| 34:25 | Qian · age_up imperial |
| 34:43 | 金戈铁鸡 · age_up imperial |
| 35:47 | Andres_bc81 · first_market_sell 100 food |
| 35:48 | Andres_bc81 · first_market_buy 100 stone |
| 36:27 | 俄佐立仲裁者泰菲力 · first_building Siege Workshop |
| 37:30 | Happy Pig · age_up imperial |
[ ANÁLISIS IA · 1 CRÉDITO ]
¿Qué pasó realmente en esta partida?
Wolo.gg analiza cada decisión: build order, eco, micro, errores típicos por bracket. Análisis personalizado por WhatsApp o Discord en 30 segundos.
Guía civ
Bereberes
Perfil
俄佐立仲裁者泰菲力